 Dungeon Crawl Stone Soup version 0.31.0-11-ge490571c62 (webtiles) character file.

Game seed: 14730190904169131877

3271 qw the Nimble (level 9, -2/46 HPs)
             Began as a Spriggan Hunter on Feb 3, 2024.
             Was a Follower of Okawaru.
             Engulfed by an ice statue's freezing vapour (13 damage)
             ... on level 7 of the Dungeon.
             The game lasted 00:01:02 (5679 turns).

qw the Nimble (Spriggan Hunter)                     Turns: 5679, Time: 00:01:02

Health: -2/46      AC:  2    Str: 10    XL:     9   Next: 68%
Magic:  12/13      EV: 32    Int: 11    God:    Okawaru [*.....]
Gold:   319        SH:  0    Dex: 22    Spells: 8/8 levels left

rFire   . . .        a - +4 shortbow (flame)
rCold   . . .        (shield currently unavailable)
rNeg    . . .        k - +0 robe "Tinutoad" {-Cast rElec Regen+ Str+3}
rPois   .            (helmet restricted)
rElec   +            b - scarf {repulsion}
rCorr   .            (gloves unavailable)
SInv    +            (boots unavailable)
Will    +....        (no amulet)
Stlth   ++++         (no ring)
HPRegen 1.07/turn    (no ring)
MPRegen 0.13/turn

%: no spellcasting, repel missiles
@: heroic, very quick
A: very small, no large weapons, unfitting armour, see invisible, speed 3
a: Renounce Religion, Heroism


You were on level 7 of the Dungeon.
You worshipped Okawaru.
Okawaru was aware of your devotion.
You visited 2 branches of the dungeon, and saw 8 of its levels.

You collected 319 gold pieces.


Innate Abilities, Weirdness & Mutations

You are very small and have problems with some larger weapons.
You are too small for most types of armour.
You have supernaturally acute eyesight. (SInv)
You cover ground extremely quickly. (Speed+++)


   Skills:
 - Level 4.3(9.3) Fighting
 - Level 10.0(15.0) Ranged Weapons
 + Level 10.7(15.7) Dodging
 - Level 1.5(6.5) Stealth
 - Level 4.0 Invocations


You had 8 spell levels left.
You didn't know any spells.
Your spell library was empty.

Inventory:

Hand Weapons
 a - a +4 shortbow of flaming (weapon)
Armour
 b - a scarf of repulsion (worn)
 k - the +0 robe "Tinutoad" (worn) {-Cast rElec Regen+ Str+3}
   (You found it on level 4 of the Dungeon)

   Str+3:     It affects your strength (+3).
   rElec:     It insulates you from electricity.
   -Cast:     It prevents spellcasting.
   Regen+:    It increases your rate of health regeneration.
Wands
 c - a wand of roots (9)
 l - a wand of polymorph (5)
Scrolls
 e - 5 scrolls of teleportation
 n - 2 scrolls of identify
Potions
 d - a potion of attraction {unknown}
 f - a potion of brilliance {unknown}
 g - a potion of haste {unknown}
 h - a potion of heal wounds {unknown}
 i - a potion of curing {unknown}
 j - a potion of enlightenment {unknown}
 m - a potion of mutation {unknown}

Dungeon Overview and Level Annotations

Branches:
Dungeon (7/15)             Temple (1/1) D:5

Altars:
Ashenzari
Cheibriados
Dithmenos
Elyvilon
Fedhas
Gozag
Hepliaklqana
Kikubaaqudgha
Makhleb
Nemelex Xobeh
Okawaru
Qazlal
Ru
Sif Muna
Trog
Vehumet
Wu Jian
Xom
Yredelemnul
Zin
The Shining One

Shops:
D:3 :

Annotations:
D:7 exclusion: ice statue


Message History

The ice statue gestures.
You shoot an arrow.
The arrow hits the ice statue but does no damage.
The ice statue is almost destroyed.
You shoot an arrow. The arrow barely misses the ice statue.
You shoot an arrow. The arrow hits the ice statue.
The arrow melts the ice statue.
The ice statue is almost destroyed.
The ice statue gestures at you.
You shoot an arrow. The arrow hits the ice beast.
The arrow melts the ice beast.
The ice beast is lightly wounded.
You are engulfed in freezing vapours.
You shoot an arrow. The arrow hits the ice beast!
The arrow melts the ice beast.
The ice beast is heavily wounded.
You are engulfed in freezing vapours.
The ice statue gestures.
Enter note:
Enter note:
Enter note:
Enter note:
Enter note:
Enter note:
Enter note:
Enter note:
Enter note:
Enter note:
Enter note:
Enter note:
Enter note:
Enter note:
Enter note:
Enter note:
Enter note:
Enter note: You are engulfed in freezing vapours.
Enter note:
Enter note:
Enter note: You are engulfed in freezing vapours.
You die...

#.........~~~~
#....###..~~~~
#....###......
#....##...~~~~
##....#..#.~~~~
#.......##.~~~~
#.......##.~~~~
########..............
###0000@...<.....###...#
#}0000###........# #..##
#...00# ##.......# #....
#..0..# #..>....# #..#.
#.....# #.......###..#.
#..Y..# ####........##.
#.....# #.....[.####
#~~~~~# #.......# #
#Y~8~~# #......## #


There were no monsters in sight!

Vanquished Creatures
  Joseph (D:7)
  3 water moccasins
  2 black bears
  2 sky beasts (D:6)
  An ice beast (D:6)
  2 ogres
  2 centaurs
  A phantom (D:6)
  A kobold brigand (D:7)
  A gnoll sergeant (D:6)
  5 scorpions
  3 wights (D:6)
  An electric eel (D:7)
  6 howler monkeys
  6 crimson imps (D:7)
  2 bombardier beetles
  4 hounds
  2 jellies
  2 orc priests
  A sleepcap (D:7)
  Terence (D:1)
  2 orc wizards
  An iguana (D:7)
  Robin (D:3)
  8 gnolls
  12 adders
  A shadow imp (D:7)
  3 white imps
  4 ufetubi
  3 dart slugs
  3 ribbon worms
  7 orcs
  3 ball pythons
  5 bats
  9 endoplasms
  8 hobgoblins
  3 jackals (D:1)
  4 quokkas
  3 frilled lizards
  15 goblins
  10 kobolds
  6 rats
160 creatures vanquished.

Notes
Turn   | Place    | Note
-------+----------+-------------------------------------------
     0 | D:1      | qw the Spriggan Hunter began the quest for the Orb.
     0 | D:1      | Reached XP level 1. HP: 10/10 MP: 2/2
     0 | D:1      | 0 ||| qw: Version: 0.3-a-155-g5e7d8dd
     0 | D:1      | 0 ||| qw: Game counter: 3312
     0 | D:1      | 0 ||| qw: Melee chars always use a shield: true
     0 | D:1      | 0 ||| qw: God list: Okawaru
     0 | D:1      | 0 ||| qw: Allow faded altars: false
     0 | D:1      | 0 ||| qw: Do Orc after clearing Dungeon:15 true
     0 | D:1      | 0 ||| qw: Do second Lair branch before Depths: true
     0 | D:1      | 0 ||| qw: Lair rune preference: random
     0 | D:1      | 0 ||| qw: Goals: Normal
     0 | D:1      | 0 ||| PLANNING D:1-11
    58 | D:1      | Reached skill level 3 in Dodging
   171 | D:1      | Reached XP level 2. HP: 14/14 MP: 3/3
   385 | D:1      | Reached XP level 3. HP: 18/18 MP: 4/4
   706 | D:1      | 706 ||| READING 2 scrolls labelled ZUDOAZ COEC.
   711 | D:1      | 711 ||| DROPPING scroll of butterflies.
   730 | D:2      | Noticed Terence
   733 | D:2      | 733 ||| STAIRDANCE
   741 | D:2      | 741 ||| STAIRDANCE
   746 | D:1      | Killed Terence
   747 | D:1      | Reached XP level 4. HP: 15/22 MP: 5/5
  1362 | D:2      | 1362 ||| UPGRADING to scarf of repulsion.
  1367 | D:2      | 1367 ||| READING scroll labelled JASSAN ECITHRO.
  1367 | D:2      | 1367 ||| BRANDING +0 shortbow.
  1368 | D:2      | 1368 ||| READING 3 scrolls labelled XILUL JIZXIDY.
  1368 | D:2      | 1368 ||| ENCHANTING +0 shortbow of flaming.
  1369 | D:2      | 1369 ||| READING 2 scrolls of enchant weapon.
  1369 | D:2      | 1369 ||| ENCHANTING +1 shortbow of flaming.
  1370 | D:2      | 1370 ||| READING scroll of enchant weapon.
  1370 | D:2      | 1370 ||| ENCHANTING +2 shortbow of flaming.
  1371 | D:2      | 1371 ||| READING scroll labelled JIAFUF VORGHEY.
  1371 | D:2      | 1371 ||| IDENTIFYING glowing orange potion
  1372 | D:2      | 1372 ||| READING scroll labelled GEITIPT YSKOES.
  1373 | D:2      | 1373 ||| DROPPING potion of berserk rage.
  1406 | D:3      | 1406 ||| STAIRDANCE
  1409 | D:2      | Reached XP level 5. HP: 26/26 MP: 6/6
  1453 | D:3      | Found a white marble altar of Elyvilon.
  1453 | D:3      | Found a blossoming altar of Fedhas.
  1500 | D:3      | Found an ornate altar of the Wu Jian Council.
  1717 | D:3      | Found a faded altar of an unknown god.
  1739 | D:3      | Reached skill level 6 in Ranged Weapons
  2063 | D:3      | Reached XP level 6. HP: 30/30 MP: 7/7
  2064 | D:3      | Noticed Robin
  2070 | D:3      | Killed Robin
  2075 | D:3      | 2075 ||| FLEEEEING.
  2078 | D:3      | 2078 ||| FLEEEEING.
  2079 | D:3      | 2079 ||| FLEEEEING.
  2080 | D:3      | 2080 ||| FLEEEEING.
  2081 | D:3      | 2081 ||| FLEEEEING.
  2082 | D:3      | 2082 ||| FLEEEEING.
  2083 | D:3      | 2083 ||| FLEEEEING.
  2084 | D:3      | 2084 ||| FLEEEEING.
  2085 | D:3      | 2085 ||| FLEEEEING.
  2088 | D:3      | 2088 ||| FLEEEEING.
  2090 | D:3      | 2090 ||| FLEEEEING.
  2091 | D:3      | 2091 ||| FLEEEEING.
  2092 | D:3      | 2092 ||| FLEEEEING.
  2093 | D:3      | 2093 ||| FLEEEEING.
  2094 | D:3      | 2094 ||| FLEEEEING.
  2095 | D:3      | 2095 ||| FLEEEEING.
  2096 | D:3      | 2096 ||| FLEEEEING.
  2097 | D:3      | 2097 ||| FLEEEEING.
  2098 | D:3      | 2098 ||| FLEEEEING.
  2099 | D:3      | 2099 ||| FLEEEEING.
  2180 | D:3      | Found Kofavin's Book Shop.
  2191 | D:3      | 2191 ||| READING scroll labelled XOOWKA YJEKIGI.
  2437 | D:3      | 2437 ||| READING scroll labelled CIRUXOCISE.
  2459 | D:4      | Reached skill level 6 in Dodging
  2567 | D:4      | Reached XP level 7. HP: 35/35 MP: 8/8
  2629 | D:4      | Identified the +0 robe "Tinutoad" {-Cast rElec Regen+
                  | Str+3}
  2907 | D:4      | 2907 ||| UPGRADING to +0 robe "Tinutoad" {-Cast rElec
                  | Regen+ Str+3}.
  2917 | D:4      | 2917 ||| DROPPING +0 robe.
  2918 | D:4      | 2918 ||| READING scroll of identify.
  2918 | D:4      | 2918 ||| IDENTIFYING grey potion
  2919 | D:4      | 2919 ||| READING scroll labelled ZIFOEH FIKIWUSM.
  2920 | D:4      | 2920 ||| READING scroll labelled YDOPEUSOGH.
  2921 | D:4      | 2921 ||| DROPPING potion of ambrosia.
  2948 | D:5      | Entered Level 5 of the Dungeon
  3149 | D:5      | Reached skill level 3 in Fighting
  3149 | D:5      | Reached XP level 8. HP: 40/40 MP: 9/9
  3264 | D:5      | Found a staircase to the Ecumenical Temple.
  3265 | D:5      | 3265 ||| PLANNING TEMPLE
  3276 | Temple   | Entered the Ecumenical Temple
  3277 | Temple   | 3277 ||| PLANNING OKAWARU WORSHIP
  3286 | Temple   | Became a worshipper of Warmaster Okawaru
  3287 | Temple   | 3287 ||| PLANNING D:1-11
  3770 | D:6      | Reached skill level 9 in Ranged Weapons
  3914 | D:6      | Reached skill level 9 in Dodging
  3929 | D:6      | Reached * piety under Okawaru
  3963 | D:6      | Reached skill level 1 in Invocations
  4042 | D:6      | 4042 ||| RETREEEEATING.
  4048 | D:6      | 4048 ||| RETREEEEATING.
  4053 | D:6      | 4053 ||| RETREEEEATING.
  4169 | D:6      | Reached XP level 9. HP: 44/44 MP: 11/11
  4858 | D:6      | 4858 ||| READING scroll of identify.
  4858 | D:6      | 4858 ||| IDENTIFYING pink potion
  4859 | D:6      | 4859 ||| DROPPING potion of invisibility.
  4979 | D:7      | Reached skill level 3 in Invocations
  5024 | D:7      | Reached ** piety under Okawaru
  5097 | D:7      | 5097 ||| INVOKING Heroism.
  5129 | D:7      | Noticed Joseph
  5132 | D:7      | 5132 ||| INVOKING Heroism.
  5138 | D:7      | 5138 ||| FLEEEEING.
  5139 | D:7      | 5139 ||| FLEEEEING.
  5140 | D:7      | 5140 ||| FLEEEEING.
  5141 | D:7      | 5141 ||| FLEEEEING.
  5142 | D:7      | 5142 ||| FLEEEEING.
  5143 | D:7      | 5143 ||| FLEEEEING.
  5144 | D:7      | 5144 ||| FLEEEEING.
  5145 | D:7      | 5145 ||| FLEEEEING.
  5146 | D:7      | 5146 ||| FLEEEEING.
  5147 | D:7      | 5147 ||| FLEEEEING.
  5148 | D:7      | 5148 ||| FLEEEEING.
  5149 | D:7      | 5149 ||| STAIRDANCE
  5151 | D:6      | 5151 ||| FLEEEEING.
  5152 | D:6      | 5152 ||| FLEEEEING.
  5153 | D:6      | 5153 ||| FLEEEEING.
  5154 | D:6      | 5154 ||| FLEEEEING.
  5155 | D:6      | 5155 ||| FLEEEEING.
  5156 | D:6      | 5156 ||| FLEEEEING.
  5157 | D:6      | 5157 ||| FLEEEEING.
  5158 | D:6      | 5158 ||| FLEEEEING.
  5159 | D:6      | 5159 ||| FLEEEEING.
  5160 | D:6      | 5160 ||| FLEEEEING.
  5161 | D:6      | 5161 ||| FLEEEEING.
  5162 | D:6      | 5162 ||| FLEEEEING.
  5163 | D:6      | 5163 ||| READING scroll labelled GIPTAO UDUFOL.
  5325 | D:7      | 5325 ||| READING scroll of enchant weapon.
  5325 | D:7      | 5325 ||| ENCHANTING +3 shortbow of flaming.
  5336 | D:7      | 5336 ||| INVOKING Heroism.
  5342 | D:7      | Killed Joseph
  5489 | D:7      | Noticed an ice statue
  5490 | D:7      | 5490 ||| INVOKING Heroism.
  5501 | D:7      | 5501 ||| RETREEEEATING.
  5629 | D:7      | 5629 ||| INVOKING Heroism.
  5634 | D:7      | 5634 ||| RETREEEEATING.
  5656 | D:7      | 5656 ||| RETREEEEATING.
  5665 | D:7      | 5665 ||| INVOKING Heroism.
  5678 | D:7      | HP: 11/46 [something] (10)]
  5679 | D:7      | Engulfed by an ice statue's freezing vapour

Levels and vault maps discovered:
D:1:      lemuel_arrival_river_ford, layout_loops_ring
D:2:      layout_rooms, serial_bayou_ford_a, reono_crystal_passage, uniq_terence
D:3:      cheibrodos_old_hovel, layout_loops_corners, old_standard_altar,
          nicolae_overflow_two_pavilions, hellmonk_ecumenical_altar_zigzags,
          serial_shops, nicolae_book_shop_shelving, uniq_robin
D:4:      layout_rooms
D:5:      layout_basic, minmay_temple_entry_large_hall,
          kb_lookout_dungeons_type, minmay_misc_feat_plants, corexii_shack,
          nicolae_underground_beach
D:6:      layout_basic, kennysheep_donut, minivault_4
D:7:      lemuel_ice_statue, layout_rooms, minivault_14, minmay_nine_imps,
          uniq_joseph
Temple:   nicolae_temple_two_arcs

Skill      XL: |  1  2  3  4  5  6  7  8  9 |
---------------+----------------------------+-----
Dodging        | 3 4 5 6 7 9 10 | 10.7
Ranged Weapons | 5 6 7 8 9 10 | 10.0
Fighting       | 2 3 4 |  4.3
Invocations    | 2 4 |  4.0
Stealth        | |  1.5

Action                     |  1- 3 |  4- 6 |  7- 9 || total
---------------------------+-------+-------+-------++-------
   Fire: Shortbow          |    58 |   134 |   331 ||   523
 Invoke: Heroism           |       |       |     6 ||     6
    Use: Scroll            |     1 |     8 |     6 ||    15
 Armour: Robe              |     2 |     6 |    16 ||    24
  Dodge: Dodged            |    21 |    19 |    81 ||   121
         Repelled          |       |       |     3 ||     3

Table legend:
 A = Non-vault XP
 B = Vault XP
 C = Vault XP percentage of total XP
 D = Non-vault monster count
 E = Vault monster count
 F = Vault count percentage of total count
                 A         B        C        D         E       F
            +---------+---------+-------+---------+---------+-------
      Total |    3751 |     923 |  19.7 |     139 |      21 |  13.1
            +---------+---------+-------+---------+---------+-------
        D:1 |      65 |      38 |  36.9 |      22 |       1 |   4.3
        D:2 |      98 |       0 |   0.0 |      22 |       0 |   0.0
        D:3 |     176 |      29 |  14.1 |      17 |       9 |  34.6
        D:4 |     687 |       0 |   0.0 |      19 |       0 |   0.0
        D:5 |     508 |     115 |  18.5 |      12 |       1 |   7.7
        D:6 |    1317 |       0 |   0.0 |      27 |       0 |   0.0
        D:7 |     900 |     741 |  45.2 |      20 |      10 |  33.3
            +---------+---------+-------+---------+---------+-------
